AoeStats
← [NICE_ASS] BigMasi

Nomad

506703799Analyzed
3v3 RM · 18d ago on Sep 14, 2026· 57m 50s· 6 players
Game mode
Random Map
Map size
210×210
Population
200
Speed
Normal
Resources
Standard
Victory
Conquest
Starting age
Dark Age
Ending age
Imperial Age
RankedLock teamsTeams togetherTeam positionsShared explorationLock speedFull tech treeHidden civsTurbo modeCheats
Victory
Defeat
🇩🇪 Spanish · Germany
1211
+14
🇩🇪 Vietnamese · Germany
1203
+14
🇹🇷 Japanese · Türkiye
1168
+16
🇨🇭 Muisca · Switzerland
1263
-19
🇨🇭 Poles · Switzerland
1116
-13
🇨🇭 Wei · Switzerland
1108
-12
LuyindamA
4:12 Loom
6:32 Loom
14:28 Feudal Age
15:10 Town Watch
26:45 Castle Age
25:29 Gold Mining
28:43 Scale Mail Armor
28:33 Fletching
29:02 Double-Bit Axe
30:05 Horse Collar
32:27 Fletching
36:03 Chain Mail Armor
38:37 Forging
41:17 Iron Casting
41:20 Stone Mining
Derikas
5:05 Loom
15:19 Feudal Age
16:27 Double-Bit Axe
23:43 Castle Age
22:18 Fishing Lines
22:26 Horse Collar
23:15 Bloodlines
22:58 Fletching
23:00 Gold Mining
24:07 Padded Archer Armor
24:36 Bodkin Arrow
24:55 Bow Saw
24:47 Heavy Plow
26:29 Ballistics
30:50 Wheelbarrow
30:54 Thumb Ring
31:55 Hand Cart
31:43 Husbandry
35:22 Padded Archer Armor
38:43 Imperial Age
39:43 Bracer
40:45 Chemistry
39:55 Heavy Cavalry Archer
40:59 Leather Archer Armor
43:01 Guilds
45:17 Ring Archer Armor
44:53 Scale Barding Armor
44:59 Forging
45:37 Elite Battle Elephant
47:45 Chain Barding Armor
49:08 Paper Money
48:56 Chatras
51:22 Two-Man Saw
50:41 Light Cavalry
52:51 Plate Barding Armor
52:52 Iron Casting
Feigling#7
4:10 Loom
14:54 Feudal Age
16:14 Fletching
21:19 Castle Age
20:59 Double-Bit Axe
22:48 Medium Warships
24:33 Bodkin Arrow
27:04 Scale Barding Armor
27:16 Bow Saw
33:29 Bloodlines
35:21 Husbandry
35:44 Horse Collar
37:06 Wheelbarrow
37:17 Heavy Plow
38:00 Padded Archer Armor
38:56 Ballistics
42:09 Gold Mining
46:14 Imperial Age
45:33 Murder Holes
46:30 Chain Barding Armor
47:05 Hand Cart
46:25 Cavalier
47:51 Town Watch
49:57 Paladin
52:55 Hand Cart
54:20 Forging
56:01 Plate Barding Armor
hanibalX
4:10 Loom
13:58 Feudal Age
14:26 Double-Bit Axe
14:36 Gold Mining
14:49 Horse Collar
16:16 Wheelbarrow
17:05 Stone Mining
17:32 Fletching
17:43 Padded Archer Armor
18:48 Town Watch
19:07 Fishing Lines
25:58 Castle Age
27:05 Medium Warships
26:53 Bodkin Arrow
27:21 Bow Saw
27:51 Gold Shaft Mining
27:18 Heavy Plow
28:37 Leather Archer Armor
28:49 Hand Cart
30:27 Ballistics
32:01 Gillnets
33:22 Town Patrol
34:34 Thumb Ring
36:33 Stone Shaft Mining
40:47 Imperial Age
39:32 Forging
39:28 Scale Barding Armor
39:36 Elite Skirmisher
41:52 Conscription
42:14 Iron Casting
42:00 Chain Barding Armor
43:10 Bloodlines
43:33 Parthian Tactics
52:05 Husbandry
56:15 Fervor
56:26 Sanctity
56:23 Block Printing
[UKB] Vincent Giovanni
7:00 Loom
14:39 Feudal Age
15:21 Double-Bit Axe
15:46 Fishing Lines
17:03 Town Watch
20:34 Castle Age
19:07 Gold Mining
19:08 Horse Collar
20:19 Scale Barding Armor
20:45 Forging
21:15 Bloodlines
25:36 Wheelbarrow
25:37 Bow Saw
27:40 Fletching
28:23 Bodkin Arrow
27:51 Elite Skirmisher
27:58 Elite Skirmisher
33:18 Hand Cart
35:17 Szlachta Privileges
37:09 Chain Barding Armor
38:27 Ballistics
39:24 Iron Casting
40:02 Husbandry
43:54 Imperial Age
43:17 Gillnets
44:04 Cavalier
49:13 Blast Furnace
48:59 Light Cavalry
49:47 Winged Hussar
53:03 Conscription
53:21 Pikeman
54:02 Squires
53:52 Pikeman
[NICE_ASS] BigMasi
5:11 Loom
15:23 Feudal Age
16:15 Double-Bit Axe
22:57 Castle Age
20:55 Fletching
22:23 Gold Mining
22:25 Stone Mining
22:51 Horse Collar
23:02 Gold Mining
23:54 Bow Saw
26:03 Fishing Lines
27:56 Gillnets
30:12 Gold Shaft Mining
32:26 Ballistics
32:02 Bodkin Arrow
37:06 Padded Archer Armor
39:15 Wheelbarrow
38:25 Town Watch
42:19 Imperial Age
40:59 Leather Archer Armor
41:48 Heavy Plow
42:24 Stone Shaft Mining
43:03 Bracer
44:05 Chemistry
43:11 Siege Engineers
42:32 Capped Ram
43:42 Conscription
43:28 Huaracas
44:56 Thumb Ring
46:50 Masonry
48:50 Elite Skirmisher
50:04 Hand Cart
52:25 Conscription
52:17 Huaracas
51:44 Elite Temple Guard
53:09 Squires
53:13 Pikeman
54:22 Scale Mail Armor
54:32 Forging
56:44 Chain Mail Armor
57:05 Iron Casting
Connection lost

Rejoining the realm…

Still unreachable

The connection could not be restored.

Session expired

The server has moved on; the page needs a fresh start.